 Dungeon Crawl Stone Soup version 0.31-a0-868-g674d60d6f7 (webtiles) character file.

Game seed: 5529539235324415668

12121 ytrimaz the Warrior (level 11, -28/183 HPs)
             Began as a Minotaur Berserker on Oct 10, 2023.
             Was a High Priest of Trog.
             Annihilated by Rupert
             ... wielding a +3 battleaxe of pain
              (34 damage)
             ... on level 12 of the Dungeon on Oct 11, 2023.
             The game lasted 00:13:54 (9613 turns).

ytrimaz the Warrior (Minotaur Berserker)            Turns: 9613, Time: 00:13:55

Health: -28/183    AC: 10    Str: 21    XL:     11   Next: 58%
Magic:  3/3        EV: 12    Int:  4    God:    Trog [*****.]
Gold:   748        SH:  0    Dex: 21    Spells: 10/10 levels left

rFire   + . .        w - +1 battleaxe (antimagic)
rCold   . . .        (shield currently unavailable)
rNeg    . . .        k - +0 ring mail
rPois   .            (helmet restricted)
rElec   +            e - +0 cloak
rCorr   .            a - +0 pair of fencer's gloves {Riposte Dex+3}
SInv    .            (no boots)
Will    .....        u - amulet of regeneration Stlth
                     j - ring of flight
HPRegen 1.30/turn    I - ring of Seamyh {rElec rF+ Dex+3}
MPRegen 0.08/turn

%: no passive effects
@: berserking, flying, studying Axes, very quick
A: horns 2, retaliatory headbutt
a: Renounce Religion, Berserk, Trog's Hand, Brothers in Arms


You were on level 12 of the Dungeon.
You worshipped Trog.
Trog was extremely pleased with you.
You visited 1 branch of the dungeon, and saw 12 of its levels.
You also visited: Sewer and Ossuary.

You collected 748 gold pieces.


Innate Abilities, Weirdness & Mutations

You have a pair of horns on your head.
You reflexively headbutt those who attack you in melee.


   Skills:
 - Level 19.0 Fighting
 - Level 14.0 Axes
 + Level 11.8 Armour
 - Level 2.1 Dodging


You had 10 spell levels left.
You didn't know any spells.
Your spell library was empty.

Inventory:

Hand Weapons
 c - a +0 battleaxe
   (You found it on level 3 of the Dungeon)
 w - a +1 antimagic battleaxe (weapon)
   (Trog gifted it to you on level 9 of the Dungeon)
Missiles
 O - a throwing net
Armour
 a - the +0 pair of fencer's gloves (worn) {Riposte Dex+3}
   (You acquired it on level 9 of the Dungeon)

   Riposte:   It allows the wearer to riposte with melee weapons, swiftly
   retaliating against missed or blocked melee attacks.
   Dex+3:     It affects your dexterity (+3).
 e - a +0 cloak (worn)
   (You took it off Crazy Yiuf on level 3 of the Dungeon)
 k - a +0 ring mail (worn)
   (You found it on level 2 of the Dungeon)
 n - a +0 pair of gloves
   (You found it on level 3 of the Dungeon)
Jewellery
 g - an amulet of guardian spirit
   (You found it on level 1 of the Dungeon)
 j - a ring of flight (left hand)
   (You found it on level 2 of the Dungeon)
 u - an amulet of regeneration (around neck)
   (You found it on level 4 of the Dungeon)
 I - the ring of Seamyh (right hand) {rElec rF+ Dex+3}
   (You found it on level 9 of the Dungeon)

   [ring of protection from fire]

   Dex+3:     It affects your dexterity (+3).
   rF+:       It protects you from fire.
   rElec:     It insulates you from electricity.
 P - an amulet of reflection
   (You found it on level 8 of the Dungeon)
 R - a ring of protection from fire
   (You found it on level 10 of the Dungeon)
Wands
 b - a wand of roots (2)
   (You found it on level 9 of the Dungeon)
 m - a wand of mindburst (10)
   (You found it on level 3 of the Dungeon)
 N - a wand of flame (11)
   (You found it on level 7 of the Dungeon)
Scrolls
 h - 2 scrolls of amnesia
 l - 2 scrolls of silence
 p - 4 scrolls of blinking
 q - 2 scrolls of revelation
 v - 4 scrolls of summoning {unknown}
 x - 2 scrolls of enchant armour
 y - 2 scrolls of fog
 z - 3 scrolls of poison
 C - 2 scrolls of immolation {unknown}
 D - a scroll of teleportation {unknown}
 J - a scroll of vulnerability {unknown}
 K - a scroll of enchant weapon {unknown}
 Q - a scroll of brand weapon {unknown}
Potions
 d - 3 potions of ambrosia {unknown}
 f - 2 potions of attraction
 i - 9 potions of enlightenment
 o - a potion of berserk rage {unknown}
 r - 4 potions of brilliance {unknown}
 s - 5 potions of curing
 t - 2 potions of haste {unknown}
 A - a potion of cancellation {unknown}
 B - a potion of magic {unknown}
 E - a potion of invisibility {unknown}
 F - a potion of heal wounds {unknown}
 G - 2 potions of resistance {unknown}
 H - a potion of lignification {unknown}
 L - 2 potions of might
 M - a potion of mutation {unknown}

Dungeon Overview and Level Annotations

Branches:
Dungeon (11/15) Zot: 26731  Temple (0/1) D:5            Lair (0/5) D:8
    Orc (0/2) D:10          Sewer (visited)         Ossuary (visited)

Altars:
Cheibriados
Gozag
Hepliaklqana
Kikubaaqudgha
Nemelex Xobeh
Uskayaw

Annotations:
D:12 Rupert

#..#†)#........###
#..'..#........#
#..#..#........#
#..#..#........#
########........
................
................
###...<)........
#....@@....>..
#^.########... #.>
... #. .. #.


You could see Rupert (berserk).


Message History

Trog accepts your kill.
You slash the human! The human hits you but does no damage.
The hog barely misses you. You furiously retaliate!
You headbutt the hog.
There are monsters nearby! 😕 HP[+1]
You slice the human!!
You kill the human!
Trog accepts your kill.
You slash the hog!
The hog bites you but does no damage. 😕 HP[+2]
You regained 2 hp, and now have 110/122 hp.
A hog is nearby!
You hit the hog but do no damage. The hog closely misses you. 😕 HP[+1]
A hog is nearby!
You slice the hog!!
You kill the hog!
Trog accepts your kill.
There is an open door here.
Found an escape hatch in the floor. 😎 HP[+11]
Your hp is fully restored (122).
No target in view!
Found a stone staircase leading up.
A two-headed ogre comes into view. It is wielding two +0 giant clubs.
Found a stone staircase leading down.
Rupert the Wild comes into view.
He is wielding a +3 battleaxe of pain.
Rupert shouts!
The two-headed ogre shouts in stereo!
The two-headed ogre hits you with a +0 giant club!!
The two-headed ogre barely misses you. 😕 HP[-27]
You take 27 damage, and now have 95/122 hp.
MASSIVE DAMAGE!! (PAUSE) 😕 HP[+1]
You hit the two-headed ogre but do no damage.
The two-headed ogre misses you.
The two-headed ogre hits you with a +0 giant club!
Rupert pounds his chest with his fists. 😮 HP[-6]
You take 6 damage, and now have 90/122 hp. 😮 HP[+1]
You are too injured to fight recklessly!
You are too injured to fight recklessly!
Unknown command.
You are too injured to fight recklessly!
You are too injured to fight recklessly!
There are monsters nearby!
There are monsters nearby!
You are too injured to fight recklessly!
You are too injured to fight recklessly!
Unknown command.
Unknown command.
A red film seems to cover your vision as you go berserk!
You feel yourself moving faster!
You feel mighty!
The two-headed ogre hits you with a +0 giant club!! x2 😮 HP[+9]
You now have 183 max hp (+61).
You regained 9 hp, and now have 100/183 hp.
Unknown command.
You slash the two-headed ogre! 😮 HP[+1] Unknown command.
You hit the two-headed ogre. You headbutt the two-headed ogre!
Rupert roars madly and goes into a rage!
Rupert goes berserk!
The two-headed ogre hits you with a +0 giant club!
* * * LOW HITPOINT WARNING * * *
The two-headed ogre hits you with a +0 giant club!!
* * * LOW HITPOINT WARNING * * *
😨 HP[-33]
You take 33 damage, and now have 68/183 hp.
You slash the two-headed ogre!
Your headbutt misses the two-headed ogre.
Unknown command.
You open Rupert like a pillowcase!!! You barely miss the two-headed ogre.
Rupert hits you with a +3 battleaxe of pain!!
* * * LOW HITPOINT WARNING * * *
The two-headed ogre hits you with a +0 giant club!
* * * LOW HITPOINT WARNING * * *
The two-headed ogre hits you with a +0 giant club!
* * * LOW HITPOINT WARNING * * *
😱 HP[-49]
You take 49 damage, and now have 19/183 hp.
MASSIVE DAMAGE!! (PAUSE)
You completely miss Rupert. You headbutt Rupert.
You slice the two-headed ogre!!
You kill the two-headed ogre!
Trog accepts your kill. Rupert closely misses you. 😱 HP[+1]
You closely miss Rupert.
Rupert hits you with a +3 battleaxe of pain!
* * * LOW HITPOINT WARNING * * *
😱 HP[-15]
You take 15 damage, and now have 5/183 hp.
Unknown command.
You slice Rupert!!
Rupert hits you with a +3 battleaxe of pain!!
You die...
Rupert roars with triumph.

Skill      XL: |  1  2  3  4  5  6  7  8  9 10 11 |
---------------+----------------------------------+-----
Fighting       | 4 5 6 7 10 14 18 19 | 19.0
Axes           | 4 5 6 8 10 14 | 14.0
Armour         | 3 4 5 6 8 11 | 11.8
Dodging        | |  2.1

Action                     |  1- 3 |  4- 6 |  7- 9 | 10-12 || total
---------------------------+-------+-------+-------+-------++-------
  Melee: Hand axe          |    79 |   192 |    72 |       ||   343
         Headbutt          |    12 |    31 |    60 |    48 ||   151
         Punch             |     1 |       |     1 |       ||     2
         Battleaxe         |       |       |   273 |   195 ||   468
 Invoke: Berserk           |     1 |       |     5 |     3 ||     9
         Trog's Hand       |       |       |     4 |     1 ||     5
         Brothers in Arms  |       |       |       |     1 ||     1
  Evoke: Wand              |       |       |    21 |       ||    21
    Use: Scroll            |       |       |    12 |     4 ||    16
         Potion            |       |       |     1 |       ||     1
   Stab: Sleeping          |     1 |       |       |       ||     1
 Armour: Animal skin       |    50 |    38 |       |       ||    88
         Ring mail         |       |    75 |   311 |   204 ||   590
  Dodge: Dodged            |    52 |   104 |   200 |   142 ||   498
Riposte: Battleaxe         |       |       |       |    14 ||    14

Levels and vault maps discovered:
D:1:      dpeg_arrival_arbitrary_a, layout_basic
D:2:      minmay_angry_zag, layout_basic, hellmonk_ecumenical_altar_run_dry,
          kennysheep_big_empty_room, minmay_pentomino_p4, uniq_robin,
          uniq_jessica, uniq_natasha
D:3:      layout_basic, gup_sewer_entry_glass, minmay_door_square,
          minmay_cut_off, uniq_crazy_yiuf_cottage
D:4:      layout_basic, uniq_menkaure
D:5:      layout_loops_ring, grunt_temple_overflow_open,
          minmay_temple_entry_purple_smoke
D:6:      layout_cave_pools, kiku_gazebo_garden_becter,
          chequers_ossuary_entry_cave, sword_in_stone
D:7:      layout_basic, minmay_misc_feat_four_crosses
D:8:      minmay_flawed_box, layout_loops_ring, nicolae_uskayaw_dance_hall,
          lair_entry_dummy, special_room [special_room_kobold],
          roderic_lattice_a, disabler_island
D:9:      layout_rooms, mainiacjoe_overflow_six_doors_small,
          serial_bayou_crossing
D:10:     layout_long_grid, erik_orc_2, minmay_crystal_water
D:11:     layout_cave_pods
D:12:     layout_long_grid, grunt_livestock, uniq_rupert, uniq_urug

Notes
Turn   | Place    | Note
-------+----------+-------------------------------------------
     0 | D:1      | ytrimaz the Minotaur Berserker began the quest for the Orb.
     0 | D:1      | Reached XP level 1. HP: 19/19 MP: 0/0
     0 | D:1      | magus.rc [v1.9.6]
    42 | D:1      | Reached XP level 2. HP: 18/27 MP: 1/1
   125 | D:1      | Reached skill level 4 in Fighting
   153 | D:1      | Reached skill level 4 in Axes
   183 | D:1      | Reached skill level 3 in Armour
   492 | D:1      | Reached XP level 3. HP: 25/33 MP: 2/2
  1175 | D:2      | Noticed Jessica
  1180 | D:2      | Killed Jessica
  1180 | D:2      | Reached ** piety under Trog
  1181 | D:2      | Reached XP level 4. HP: 31/41 MP: 3/3
  1187 | D:2      | HP: 10/41 [poisoned by an adder]
  1192 | D:2      | HP: 5/41 [poisoned by an adder]
  1376 | D:2      | Noticed Natasha
  1380 | D:2      | Killed Natasha
  1441 | D:2      | Found a faded altar of an unknown god.
  1500 | D:2      | Noticed Natasha
  1510 | D:2      | Killed Natasha
  1511 | D:2      | Reached skill level 5 in Fighting
  1511 | D:2      | Reached skill level 4 in Armour
  1511 | D:2      | Reached XP level 5. HP: 29/48 MP: 4/4
  1698 | D:2      | Noticed Robin
  1702 | D:2      | Reached skill level 5 in Axes
  1714 | D:2      | Killed Robin
  1848 | D:2      | Noticed Natasha
  1857 | D:2      | Killed Natasha
  2305 | D:3      | Found a glowing drain.
  2332 | Sewer    | Entered a sewer
  2438 | Sewer    | Reached XP level 6. HP: 51/56 MP: 5/5
  2478 | Sewer    | Reached *** piety under Trog
  2697 | Sewer    | Reached skill level 6 in Fighting
  2697 | Sewer    | Reached skill level 5 in Armour
  2700 | Sewer    | Reached skill level 6 in Axes
  2787 | D:3      | Reached XP level 7. HP: 44/64 MP: 6/6
  3055 | D:3      | Found a runed translucent door.
  3056 | D:3      | Noticed Crazy Yiuf
  3058 | D:3      | Identified the +0 hammer "Aqirass" {pain, rC- Str+3 Stlth+}
  3062 | D:3      | Killed Crazy Yiuf
  3166 | D:3      | Reached **** piety under Trog
  3292 | D:3      | Reached skill level 6 in Armour
  3485 | D:4      | Noticed Menkaure
  3492 | D:4      | Killed Menkaure
  3493 | D:4      | Reached skill level 7 in Axes
  3496 | D:4      | HP: 16/64 [ufetubus (4)]
  3960 | D:4      | Reached skill level 7 in Fighting
  4081 | D:5      | Entered Level 5 of the Dungeon
  4142 | D:5      | Found a hazy altar of Hepliaklqana.
  4144 | D:5      | Found a sparkling altar of Nemelex Xobeh.
  4144 | D:5      | Found an opulent altar of Gozag.
  4176 | D:5      | Reached skill level 8 in Axes
  4176 | D:5      | Reached XP level 8. HP: 28/73 MP: 7/7
  4238 | D:5      | Found a staircase to the Ecumenical Temple.
  4771 | D:6      | Reached skill level 8 in Fighting
  4803 | D:6      | Reached skill level 9 in Axes
  4835 | D:6      | Found a sand-covered staircase.
  4916 | Ossuary  | Entered an ossuary
  5083 | Ossuary  | Identified 2 scrolls of acquirement
  5094 | D:6      | Acquired a manual of Fighting
  5099 | D:6      | Acquired a manual of Axes
  5182 | D:6      | Upgraded the game from 0.31-a0-865-g3d5d91748a to
                  | 0.31-a0-868-g674d60d6f7
  5182 | D:6      | magus.rc [v1.9.6]
  5190 | D:6      | HP: 18/77 [ice beast (14)]
  5192 | D:6      | Reached skill level 9 in Fighting
  5200 | D:6      | Reached skill level 10 in Axes
  5269 | D:6      | Reached skill level 10 in Fighting
  5272 | D:6      | Reached XP level 9. HP: 50/78 MP: 8/8
  5418 | D:6      | Reached ***** piety under Trog
  5420 | D:6      | Reached skill level 11 in Axes
  5450 | D:6      | Found an ancient bone altar of Kikubaaqudgha.
  5968 | D:7      | Reached skill level 11 in Fighting
  6182 | D:7      | Reached skill level 12 in Axes
  6532 | D:8      | Reached skill level 12 in Fighting
  6543 | D:8      | HP: 20/90 [electric eel/bolt of electricity (16)]
  6639 | D:8      | Found a hide-covered altar of Uskayaw.
  6686 | D:8      | Reached skill level 13 in Axes
  6769 | D:8      | Reached skill level 13 in Fighting
  7032 | D:8      | Reached skill level 14 in Axes
  7062 | D:8      | Reached skill level 14 in Fighting
  7075 | D:8      | Reached XP level 10. HP: 57/104 MP: 9/9
  7083 | D:8      | Reached skill level 15 in Fighting
  7091 | D:8      | Noticed a rust devil
  7151 | D:8      | Reached skill level 16 in Fighting
  7237 | D:8      | Found a staircase to the Lair.
  7626 | D:9      | Received a gift from Trog
  7632 | D:9      | Reached skill level 17 in Fighting
  7896 | D:9      | Reached skill level 18 in Fighting
  8046 | D:9      | Found a snail-covered altar of Cheibriados.
  8047 | D:9      | Acquired the +0 pair of fencer's gloves {Riposte Dex+3}
  8047 | D:9      | Found the +0 pair of fencer's gloves {Riposte Dex+3}
  8074 | D:9      | Noticed a two-headed ogre
  8085 | D:9      | Killed a two-headed ogre
  8086 | D:9      | Reached skill level 7 in Armour
  8229 | D:9      | Identified the ring of Seamyh {rElec rF+ Dex+3}
  8343 | D:10     | Entered Level 10 of the Dungeon
  8625 | D:10     | Reached skill level 8 in Armour
  8640 | D:10     | Found a staircase to the Orcish Mines.
  8749 | D:10     | Noticed a boulder beetle
  8780 | D:10     | Killed a boulder beetle
  8781 | D:10     | Reached XP level 11. HP: 121/121 MP: 3/10
  9091 | D:11     | Noticed a boulder beetle
  9110 | D:11     | Killed a boulder beetle
  9111 | D:11     | Reached skill level 19 in Fighting
  9111 | D:11     | Reached skill level 9 in Armour
  9352 | D:11     | You are sucked into a shaft and drop 1 floor!
  9380 | D:12     | HP: 12/122 [very large slime creature (36)]
  9382 | D:12     | Reached skill level 10 in Armour
  9387 | D:12     | HP: 22/183 [slime creature (11)]
  9395 | D:12     | HP: 26/183 [something (1)]
  9578 | D:12     | Reached skill level 11 in Armour
  9599 | D:12     | Noticed a two-headed ogre
  9600 | D:12     | Noticed Rupert
  9610 | D:12     | HP: 38/183 [Rupert/+3 battleaxe of pain (31)]
  9611 | D:12     | Killed a two-headed ogre
  9612 | D:12     | HP: 5/183 [Rupert/+3 battleaxe of pain (16)]
  9613 | D:12     | Annihilated by Rupert

Vanquished Creatures
  2 boulder beetles
  2 two-headed ogres
  A kobold demonologist (D:8)
  A slime creature (D:12)
  4 hogs (D:12)
  3 wraiths
  5 yaks (D:11)
  A basilisk (D:8)
  A human (D:12)
  2 steam dragons
  6 vampire mosquitoes
  Menkaure (D:4)
  3 water moccasins
  6 orc warriors
  2 ice beasts
  2 ogres
  A centaur (D:9)
  11 kobold brigands (D:8)
  2 gnoll sergeants
  2 scorpions
  6 bullfrogs
  7 wights
  13 killer bees
  7 howler monkeys
  6 electric eels
  4 hounds
  A jelly (D:6)
  Crazy Yiuf (D:3)
  8 orc priests
  2 gnoll boudas
  Jessica (D:2)
  2 iguanas
  A sleepcap (D:6)
  21 orc wizards
  Natasha (thrice) (D:2)
  A mummy (Ossuary)
  Robin (D:2)
  17 gnolls
  16 adders
  A white imp (D:6)
  2 ufetubi (D:4)
  4 worms
  3 dart slugs (D:1)
  48 orcs
  11 endoplasms
  10 giant cockroaches
  10 hobgoblins
  3 jackals (D:4)
  9 quokkas
  10 ball pythons
  9 bats
  12 frilled lizards
  6 gnoll skeletons (Ossuary)
  12 goblins
  9 kobolds
  4 kobold skeletons (Ossuary)
  15 orc skeletons (Ossuary)
  5 rats
359 creatures vanquished.

Vanquished Creatures (collateral kills)
  A slime creature (D:12)
1 creature vanquished.

Grand Total: 360 creatures vanquished

Table legend:
 A = Non-vault XP
 B = Vault XP
 C = Vault XP percentage of total XP
 D = Non-vault monster count
 E = Vault monster count
 F = Vault count percentage of total count
                 A         B        C        D         E       F
            +---------+---------+-------+---------+---------+-------
      Total |   12318 |    4999 |  28.9 |     216 |     144 |  40.0
            +---------+---------+-------+---------+---------+-------
        D:1 |      58 |       0 |   0.0 |      26 |       0 |   0.0
        D:2 |     146 |     111 |  43.2 |      12 |      16 |  57.1
        D:3 |     339 |      86 |  20.2 |      33 |       7 |  17.5
        D:4 |      97 |     169 |  63.5 |      19 |       1 |   5.0
        D:5 |     325 |       0 |   0.0 |       6 |       0 |   0.0
        D:6 |     843 |     370 |  30.5 |      29 |       4 |  12.1
        D:7 |     699 |       0 |   0.0 |      10 |       0 |   0.0
        D:8 |    1596 |    2058 |  56.3 |      23 |      28 |  54.9
        D:9 |    2306 |       0 |   0.0 |      20 |       0 |   0.0
       D:10 |    1213 |     659 |  35.2 |      14 |      21 |  60.0
       D:11 |    2308 |       0 |   0.0 |      14 |       0 |   0.0
       D:12 |    2388 |     998 |  29.5 |      10 |       5 |  33.3
      Sewer |       0 |     303 | 100.0 |       0 |      35 | 100.0
    Ossuary |       0 |     245 | 100.0 |       0 |      27 | 100.0
            +---------+---------+-------+---------+---------+-------

Skill      XL: |  1  2  3  4  5  6  7  8  9 10 11 |
---------------+----------------------------------+-----
Fighting       | 4 5 6 7 10 14 18 19 | 19.0
Axes           | 4 5 6 8 10 14 | 14.0
Armour         | 3 4 5 6 8 11 | 11.8
Dodging        | |  2.1

Action                     |  1- 3 |  4- 6 |  7- 9 | 10-12 || total
---------------------------+-------+-------+-------+-------++-------
  Melee: Hand axe          |    79 |   192 |    72 |       ||   343
         Headbutt          |    12 |    31 |    60 |    48 ||   151
         Punch             |     1 |       |     1 |       ||     2
         Battleaxe         |       |       |   273 |   195 ||   468
 Invoke: Berserk           |     1 |       |     5 |     3 ||     9
         Trog's Hand       |       |       |     4 |     1 ||     5
         Brothers in Arms  |       |       |       |     1 ||     1
  Evoke: Wand              |       |       |    21 |       ||    21
    Use: Scroll            |       |       |    12 |     4 ||    16
         Potion            |       |       |     1 |       ||     1
   Stab: Sleeping          |     1 |       |       |       ||     1
 Armour: Animal skin       |    50 |    38 |       |       ||    88
         Ring mail         |       |    75 |   311 |   204 ||   590
  Dodge: Dodged            |    52 |   104 |   200 |   142 ||   498
Riposte: Battleaxe         |       |       |       |    14 ||    14

Illustrated notes

Table legend:
 A = Kills in this place as a percentage of kills in the entire game.
 B = Kills by you in this place as a percentage of kills by you in the entire game.
 C = Kills by friends in this place as a percentage of kills by friends in the entire game.
 D = Other kills in this place as a percentage of other kills in the entire game.
 E = Experience gained in this place as a percentage of experience gained in the entire game.
 F = Experience gained in this place divided by the number of levels of this place that you have seen.
                   A       B       C       D       E      F
               +-------+-------+-------+-------+-------+----------------------
         Total | 100.0 | 100.0 | 100.0 |   N/A | 100.0 | 1236.9
       Dungeon |  82.8 |  82.7 | 100.0 |   N/A |  96.8 | 1397.4
         Sewer |   9.7 |   9.7 |   0.0 |   N/A |   1.7 | 303.0
       Ossuary |   7.5 |   7.5 |   0.0 |   N/A |   1.4 | 245.0
               +-------+-------+-------+-------+-------+----------------------

Table legend: (Time is in decaauts)
 A = Elapsed time spent in this place.
 B = Non-inter-level travel time spent in this place.
 C = Inter-level travel time spent in this place.
 D = Time resting spent in this place.
 E = Time spent auto-exploring this place.
 F = Levels seen in this place.
 G = Mean time per level.
                   A        B        C        D        E       F      G
               +--------+--------+--------+--------+--------+-----+--------+
         Total |   9750 |   9458 |    292 |    104 |   7137 |  14 |  696.4 |
       Dungeon |   9163 |   8871 |    292 |    104 |   6844 |  12 |  763.6 |
         Sewer |    405 |    405 |      0 |      0 |    191 |   1 |  405.0 |
       Ossuary |    182 |    182 |      0 |      0 |    102 |   1 |  182.0 |
               +--------+--------+--------+--------+--------+-----+--------+

Top non-repeatable levels by time:
     D:8: 1252 daAuts
     D:2: 1236 daAuts
     D:1: 1016 daAuts
     D:3: 862 daAuts
     D:6: 816 daAuts
     D:9: 735 daAuts
    D:10: 718 daAuts
     D:5: 677 daAuts
     D:7: 664 daAuts
     D:4: 625 daAuts
   Sewer: 405 daAuts
    D:11: 289 daAuts
    D:12: 268 daAuts
 Ossuary: 182 daAuts
